Map: Site Delta LE

Players

TerranYOUup - Winner!

  • Race: Terran Terran
  • League: Diamond
  • Spawn Location: 11:00

DankVoice

  • Race: Protoss Protoss
  • League: Diamond
  • Spawn Location: 5:00

VOD

Have the link to the VOD?

Description

Time

  • Played on: Feb. 9, 2024, 6:57 p.m.
  • Length: 14:25
Show
View Real Time Build Order
Export as new Build Order

TerranYOUup Terran - Winner!

Build Orders: 1/1/1, Liberator Opening, Mech 

Get SALT Encoding   

  12  0:01  SCV  
  13  0:13  SCV  
  14  0:18  Supply Depot  
  14  0:27  SCV  
  15  0:31  Refinery  
  15  0:40  SCV  
  16  0:44  Barracks  
  16  0:52  SCV  
  17  0:58  Refinery  
  17  1:04  SCV  
  18  1:16  SCV  
  19  1:28  SCV  
  20  1:33  Factory  
  20  1:34  Barracks Tech Lab  
  20  1:40  Orbital Command  
  20  1:47  Supply Depot  
  20  1:56  Marauder  
  22  2:07  SCV  
  23  2:19  Starport  
  23  2:21  Marauder  
  25  2:23  SCV  
  26  2:32  Factory Reactor  
  26  2:36  SCV  
  27  2:40  Supply Depot  
  27  2:43  Concussive Shells  
  27  2:46  Marauder  
  29  3:01  Liberator  
  29  3:05  Supply Depot  
  32  3:13  Cyclone  
  32  3:14  Cyclone  
  36  3:42  Command Center  
  36  3:49  Liberator  
  39  4:06  Cyclone x2  
  43  4:38  Command Center  
  43  4:51  Factory  
  43  4:57  Orbital Command  
  43  5:11  Cyclone x2  
  44  5:27  SCV  
  45  5:36  SCV  
  43  5:43  Cyclone x2  
  43  5:47  Liberator  
  50  5:52  SCV  
  51  5:58  Orbital Command  
  51  6:00  SCV  
  52  6:06  SCV  
  52  6:10  Siege Tank  
  56  6:14  SCV  
  56  6:15  Cyclone x2  
  61  6:18  SCV  
  61  6:25  SCV  
  63  6:26  SCV  
  63  6:27  Refinery  
  63  6:29  Refinery  
  63  6:30  SCV  
  65  6:37  SCV  
  65  6:38  SCV  
  67  6:42  SCV  
  68  6:52  Siege Tank, Cyclone x2  
  68  6:53  SCV x2  
  77  7:07  Supply Depot  
  77  7:08  Supply Depot  
  77  7:09  Supply Depot  
  77  7:28  Liberator  
  77  7:29  SCV x3  
  83  7:32  Factory  
  83  7:34  Factory  
  83  7:35  Factory  
  83  7:40  Siege Tank, Cyclone  
  85  7:45  SCV x2  
  87  7:51  SCV  
  87  7:52  Engineering Bay  
  87  7:57  SCV  
  89  8:09  Supply Depot  
  89  8:12  SCV  
  90  8:13  SCV x2  
  92  8:21  Siege Tank, Factory Tech Lab  
  92  8:22  Factory Tech Lab, Factory Reactor  
  92  8:23  Cyclone x2  
  92  8:26  SCV x2  
  101  8:35  Supply Depot x3  
  101  8:36  Armory  
  101  8:57  Siege Tank x2, Liberator  
  110  9:05  Orbital Command  
  110  9:15  Siege Tank  
  113  9:21  SCV x2  
  112  9:35  Factory  
  112  9:36  Factory, Refinery  
  112  9:37  Refinery  
  102  9:47  Siege Tank x2  
  101  9:54  SCV x2  
  101  9:57  Siege Tank  
  106  10:00  SCV  
  106  10:06  SCV x2  
  109  10:08  Command Center  
  109  10:12  SCV  
  109  10:13  Terran Vehicle Weapons Level 1  
  110  10:18  SCV  
  110  10:20  SCV  
  112  10:23  Engineering Bay  
  112  10:24  SCV  
  112  10:26  Sensor Tower  
  112  10:28  Missile Turret  
  113  10:31  Factory Reactor  
  113  10:32  Factory Tech Lab  
  113  10:34  Siege Tank x2  
  119  10:36  Hellion x2  
  119  10:38  Hellion  
  125  10:43  Missile Turret  
  125  10:46  Missile Turret  
  125  10:47  Supply Depot  
  125  10:49  Supply Depot x2  
  125  10:59  Missile Turret  
  125  11:08  SCV x3  
  125  11:09  Hellion  
  125  11:10  Supply Depot x4  
  125  11:11  Supply Depot  
  130  11:12  Supply Depot  
  130  11:20  Armory  
  130  11:21  Siege Tank x3, SCV x3  
  130  11:22  Siege Tank  
  145  11:32  Sensor Tower  
  145  11:44  Command Center  
  147  11:47  Widow Mine x4  
  147  11:50  SCV x2  
  147  11:53  Siege Tank  
  158  11:56  Armory  
  158  12:07  Siege Tank  
  158  12:08  Siege Tank x2  
  167  12:09  Hellion x4  
  175  12:18  SCV  
  175  12:19  SCV  
  177  12:24  Planetary Fortress  
  177  12:30  Missile Turret  
  177  12:33  Missile Turret  
  177  12:34  Refinery  
  177  12:35  Refinery  
  177  12:39  Sensor Tower  
  177  12:43  Siege Tank x3  
  186  12:45  Hellion x4  
  186  12:46  Hellion x2  
  186  12:50  Starport  
  198  12:58  Starport  
  198  13:06  SCV x2, Starport  
  200  13:21  Command Center  
  200  13:24  Planetary Fortress  
  200  13:36  Starport Reactor x2  
Show
View Real Time Build Order
Export as new Build Order

DankVoice Protoss 

Build Orders:  

Get SALT Encoding   

  12  0:03  Probe  
  13  0:15  Probe  
  13  0:21  Pylon  
  14  0:27  Probe  
  15  0:39  Probe  
  16  0:44  Gateway  
  16  0:51  Probe (Chrono Boost)  
  16  0:53  Assimilator  
  17  1:01  Probe (Chrono Boost)  
  18  1:06  Probe (Chrono Boost)  
  19  1:18  Probe  
  20  1:30  Probe  
  21  1:43  Probe  
  21  1:45  Cybernetics Core, Assimilator  
  22  1:53  Pylon  
  22  1:54  Nexus  
  22  1:59  Probe  
  23  2:14  Gateway  
  23  2:17  Probe (Chrono Boost)  
  23  2:18  Stalker (Chrono Boost)  
  26  2:23  Warp Gate  
  26  2:29  Probe (Chrono Boost)  
  27  2:36  Probe (Chrono Boost)  
  28  2:41  Stalker  
  30  2:46  Probe  
  31  3:01  Pylon  
  31  3:06  Probe  
  31  3:07  Stalker (Chrono Boost)  
  31  3:12  Shield Battery  
  33  3:19  Shield Battery  
  35  3:22  Stalker (Chrono Boost)  
  35  3:25  Probe x2  
  37  3:37  Pylon, Probe  
  37  3:39  Stalker (Chrono Boost)  
  40  3:46  Probe  
  41  3:51  Robotics Facility  
  35  4:16  Probe x2  
  37  4:20  Stalker  
  37  4:21  Stalker  
  39  4:35  Probe (Chrono Boost)  
  39  4:36  Probe (Chrono Boost)  
  41  4:44  Probe (Chrono Boost)  
  43  4:47  Probe (Chrono Boost)  
  40  4:58  Probe (Chrono Boost)  
  37  5:07  Probe (Chrono Boost)  
  37  5:08  Stalker  
  37  5:10  Sentry  
  37  5:13  Probe  
  41  5:21  Probe  
  42  5:25  Probe  
  41  5:44  Probe (Chrono Boost)  
  42  5:53  Immortal (Chrono Boost)  
  42  5:54  Probe (Chrono Boost)  
  47  5:59  Probe (Chrono Boost)  
  47  6:02  Probe  
  49  6:04  Sentry  
  49  6:09  Pylon  
  51  6:17  Probe (Chrono Boost)  
  53  6:21  Probe (Chrono Boost)  
  53  6:25  Stalker  
  55  6:27  Probe (Chrono Boost)  
  55  6:28  Observer  
  55  6:32  Probe (Chrono Boost)  
  58  6:33  Probe (Chrono Boost)  
  58  6:36  Robotics Bay  
  59  6:42  Stalker  
  59  6:46  Probe (Chrono Boost)  
  61  6:58  Probe (Chrono Boost)  
  61  6:59  Probe (Chrono Boost)  
  63  7:02  Stalker  
  65  7:11  Immortal  
  69  7:19  Probe  
  70  7:23  Pylon, Probe  
  67  7:49  Colossus, Probe x2  
  75  7:59  Assimilator  
  75  8:04  Stalker  
  77  8:09  Pylon  
  77  8:18  Gateway  
  77  8:21  Twilight Council  
  77  8:25  Gateway  
  75  8:31  Stalker  
  74  8:54  Probe (Chrono Boost)  
  76  8:58  Probe (Chrono Boost)  
  76  9:01  Stalker  
  78  9:03  Assimilator  
  78  9:05  Probe (Chrono Boost)  
  80  9:10  Probe x2 (Chrono Boost)  
  80  9:13  Stalker  
  83  9:19  Probe  
  84  9:36  Nexus  
  80  9:49  Stalker  
  78  9:55  Pylon  
  78  10:01  Pylon  
  78  10:06  Colossus  
  78  10:07  Gateway  
  78  10:08  Nexus  
  78  10:10  Pylon  
  78  10:11  Gateway  
  84  10:15  Charge (Chrono Boost)  
  84  10:19  Pylon  
  84  10:22  Pylon  
  84  10:26  Gateway  
  84  10:29  Gateway  
  84  10:30  Stalker  
  84  10:31  Zealot, Stalker  
  84  10:32  Zealot  
  84  10:33  Probe (Chrono Boost)  
  94  10:36  Pylon  
  94  10:38  Probe (Chrono Boost)  
  94  10:39  Pylon  
  95  10:43  Probe (Chrono Boost)  
  95  10:47  Probe (Chrono Boost)  
  96  10:55  Shield Battery  
  96  10:58  Shield Battery, Probe x2  
  98  11:19  Forge x2  
  98  11:20  Pylon  
  98  11:22  Zealot x2  
  98  11:23  Stalker  
  98  11:24  Stalker  
  106  11:28  Probe (Chrono Boost)  
  109  11:33  Probe (Chrono Boost)  
  109  11:34  Protoss Ground Weapons Level 1 (Chrono Boost), Probe (Chrono Boost)  
  109  11:37  Blink (Chrono Boost), Stalker x2  
  109  11:39  Probe (Chrono Boost)  
  114  11:40  Protoss Ground Armor Level 1 (Chrono Boost)  
  114  11:44  Probe (Chrono Boost)  
  114  11:46  Probe (Chrono Boost)  
  117  11:55  Probe (Chrono Boost)  
  117  11:56  Probe (Chrono Boost)  
  117  11:59  Pylon  
  118  12:05  Assimilator, Probe x2  
  120  12:11  Colossus  
  126  12:20  Assimilator, Stalker x2  
  126  12:22  Zealot  
  132  12:29  Zealot  
  134  12:30  Stalker x2  
  138  12:46  Nexus  
  138  13:08  Nexus  
  138  13:10  Zealot  
  138  13:11  Pylon, Stalker x2  
  138  13:12  Stalker x2  
  148  13:21  Probe x3  
  151  13:37  Observer  
  151  13:43  Probe x2  
  151  13:44  Probe  
  154  13:51  Photon Cannon  
  154  13:52  Photon Cannon  
  154  13:54  Shield Battery  
  154  13:55  Pylon, Probe x2  
  156  13:59  Probe  
Tags
 
Add a new tag
Caveats
  • Supply blocks, unpowered buildings, or Contaminate may cause inaccurate times.
  • Supply counts are checked every 10 seconds.